 Dungeon Crawl Stone Soup version 0.21.1 (webtiles) character file.

701 tidbits the Digger (level 7, 42/51 HPs)
             Began as a Gnoll Earth Elementalist on Feb 4, 2018.
             Quit the game on level 6 of the Dungeon.
             The game lasted 00:15:04 (1229 turns).

tidbits the Digger (Gnoll Earth Elementalist)       Turns: 1229, Time: 00:15:04

Health: 42/51      AC:  4    Str: 11    XL:     7   Next: 66%
Magic:  15/15      EV: 15    Int: 19    God:
Gold:   234        SH:  0    Dex: 15    Spells: 5/17 levels left

rFire    . . .     SeeInvis .   a - +0 dagger
rCold    . . .     Gourm    .   (no shield)
rNeg     . . .     Faith    .   B - +0 robe
rPois    .         Spirit   .   (no helmet)
rElec    .         Reflect  .   (no cloak)
rCorr    .         Harm     .   G - +0 pair of gloves (curse)
MR       .....                  F - +0 pair of boots
Stlth    +++.......             (no amulet)
HPRegen  0.17/turn              (no ring)
MPRegen  0.14/turn              (no ring)

@: no status effects
A: distributed training, fangs 1, strong nose
a: no special abilities


You were on level 6 of the Dungeon.
You were not hungry.

You visited 2 branches of the dungeon, and saw 8 of its levels.

You collected 234 gold pieces.

Inventory:

Hand Weapons
 a - a +0 dagger (weapon)
 g - a cursed +0 flail
 h - a +0 short sword
 j - a +0 blowgun
 q - a +0 falchion
 t - a cursed -2 trident
 v - a +0 rapier
Missiles
 b - 126 stones (quivered)
 f - 8 arrows
 n - 17 poisoned needles
Armour
 l - a +0 ring mail
 B - a +0 robe (worn)
 F - a +0 pair of boots (worn)
 G - a cursed +0 pair of gloves (worn)
Wands
 p - a wand of paralysis (2)
Scrolls
 i - a scroll of identify
 k - a scroll of teleportation
 r - a scroll of immolation
 s - a scroll of fear
 w - a scroll of remove curse {unknown}
 x - a scroll of fog {unknown}
Potions
 d - a potion of agility
 m - 3 potions of cancellation
 o - a potion of might
 u - a potion of curing
Books
 e - a book of Geomancy

   Spells                             Type                      Level
   a - Sandblast                      Earth                        1
   b - Passwall                       Transmutation/Earth          2
   c - Stone Arrow                    Conjuration/Earth            3
   d - Petrify                        Transmutation/Earth          4
   e - Lee's Rapid Deconstruction     Earth                        5
Comestibles
 c - 8 rations


   Skills:
 + Level 2.5 Fighting
 + Level 2.5 Short Blades
 + Level 2.5 Long Blades
 + Level 2.5 Axes
 + Level 2.5 Maces & Flails
 + Level 2.5 Polearms
 + Level 2.5 Staves
 + Level 2.5 Slings
 + Level 2.5 Bows
 + Level 2.5 Crossbows
 + Level 2.5 Throwing
 + Level 2.5 Armour
 + Level 5.3 Dodging
 + Level 4.9 Stealth
 + Level 2.5 Shields
 + Level 2.5 Unarmed Combat
 + Level 5.6 Spellcasting
 + Level 2.1 Conjurations
 + Level 2.1 Hexes
 + Level 2.1 Charms
 + Level 2.1 Summonings
 + Level 2.1 Necromancy
 + Level 2.1 Translocations
 + Level 3.0 Transmutations
 + Level 2.1 Fire Magic
 + Level 2.1 Ice Magic
 + Level 2.1 Air Magic
 + Level 5.8 Earth Magic
 + Level 2.1 Poison Magic
 + Level 2.8 Invocations
 + Level 2.5 Evocations


You had 5 spell levels left.
You knew the following spells:

 Your Spells              Type           Power        Failure   Level  Hunger
a - Sandblast             Erth           ####..       1%          1    None
e - Petrify               Tmut/Erth      ###.....     19%         4    ####...
j - Stone Arrow           Conj/Erth      ###...       7%          3    ##.....
n - Animate Skeleton      Necr           N/A          4%          1    None
p - Passwall              Tmut/Erth      ###.......   2%          2    None
A - Apportation           Tloc           ##....       4%          1    None


Dungeon Overview and Level Annotations

Branches:
Dungeon (7/15)             Temple (1/1) D:6

Altars:
Ashenzari
Elyvilon
Gozag
Hepliaklqana
Kikubaaqudgha
Makhleb
Nemelex Xobeh
Okawaru
Qazlal
Trog
Vehumet
Wu Jian
Xom
Zin
The Shining One


Innate Abilities, Weirdness & Mutations

Your experience applies equally to all skills.
You have very sharp teeth.
Your uncanny sense of smell can sniff out nearby items.


Message History

Aiming: Sandblast
Press: ? - help, Shift-Dir - straight line, f/p - ice beast
Aim: an ice beast (heavily wounded)
The blast of sand misses the ice beast.
b - 128 stones The ice beast barely misses you.
Casting: Sandblast
Confirm with . or Enter, or press ? or * to list all spells.
Aiming: Sandblast
Press: ? - help, Shift-Dir - straight line, f/p - ice beast
Aim: an ice beast (heavily wounded)
The blast of sand hits the ice beast.
The ice beast is almost dead.
b - 127 stones The ice beast closely misses you.
Casting: Sandblast
Confirm with . or Enter, or press ? or * to list all spells.
Aiming: Sandblast
Press: ? - help, Shift-Dir - straight line, f/p - ice beast
Aim: an ice beast (almost dead)
The blast of sand hits the ice beast.
You kill the ice beast!
Your Conjurations skill increases to level 2!
Your Hexes skill increases to level 2!
Your Charms skill increases to level 2!
Your Summonings skill increases to level 2!
Your Necromancy skill increases to level 2!
Your Translocations skill increases to level 2!
Your Transmutations skill increases to level 3!
Your Fire Magic skill increases to level 2!
Your Ice Magic skill increases to level 2!
Your Air Magic skill increases to level 2!
Your Poison Magic skill increases to level 2!
b - 126 stones Unknown command.
You climb upwards.
There is a stone staircase leading down here.
Found a scroll labeled QEEGULAFODET.
You see here a scroll labeled QEEGULAFODET.
w - a scroll labeled QEEGULAFODET A centaur comes into view.
A bullfrog comes into view.
The bullfrog moves out of view.
Found a stone staircase leading down.
Found a scroll labeled MAEPPEINNA.
Unknown command.
Unknown command.
The helpless centaur fails to defend itself.
You impale the centaur!!
You kill the centaur!
You see here a scroll labeled MAEPPEINNA.
x - a scroll labeled MAEPPEINNA
There is a stone staircase leading down here.
You climb downwards.
An orc wizard comes into view. It is wielding a dagger.
Found a dagger.
There is a stone staircase leading up here.
You climb upwards.
There is a stone staircase leading down here.
Unknown command.
A bullfrog skeleton comes into view.
Found a staircase to the Ecumenical Temple. 3 jackals come into view.
The jackal barks! x3; You hear an angry hiss.
The bullfrog skeleton hits you.
A jackal comes into view.
There is a staircase to the Ecumenical Temple here.
The bullfrog skeleton misses you. x2
You climb downwards.
Welcome to the Ecumenical Temple!
There is a staircase back to the Dungeon here.
Unknown command.
Found a burning altar of Makhleb and a white marble altar of Elyvilon.
Found a radiant altar of Vehumet.
Found a glowing golden altar of the Shining One.
Unknown command.
Found an iron altar of Okawaru.
Found a shattered altar of Ashenzari.
Found a stormy altar of Qazlal.
Found a shimmering altar of Xom.
There is a shimmering altar of Xom here.
Found a glowing silver altar of Zin.
Found an ornate altar of the Wu Jian Council.
Found a bloodstained altar of Trog.
There is a bloodstained altar of Trog here.
Found a hazy altar of Hepliaklqana.
Found a sparkling altar of Nemelex Xobeh.
Found an ancient bone altar of Kikubaaqudgha.
Found an opulent altar of Gozag.
There is an opulent altar of Gozag here.
There is a staircase back to the Dungeon here.
You climb upwards.
Welcome back to the Dungeon!
The jackal closely misses you. The jackal bites you. The jackal misses you.
The bullfrog skeleton hits you. The jackal misses you.
The jackal closely misses you. The jackal bites you.
The jackal barks!
You hear a shout!
You hear an angry hiss.
There is a staircase to the Ecumenical Temple, spattered with blood here.
Unknown command.
Wield which item (- for none, * to show all)? (? for menu, Esc to quit)
Okay, then.
The jackal misses you. The bullfrog skeleton hits you. The jackal misses you.
An ogre comes into view. It is wielding a giant club.
Are you sure you want to abandon this character and quit the game? (Confirm with "yes".)

#.#.....# #.
##>#####.####.
###..# #......
##...##
##.....
##..###
#...#### #...#
.....### #.⌠.#
#####
#######hh.####
.......@h....#
O....⌠h.Z..⌠.#
.............#
#######...####
#.⌠.# #...#
..... ..#... .
##. ### .#


You could see an ogre, 4 jackals and a bullfrog skeleton.

Vanquished Creatures
  An orc warrior (D:6)
  An ice beast (D:7)
  A centaur (D:6)
  A big kobold (D:4)
  A gnoll sergeant (D:5)
  A scorpion (D:4)
  A howler monkey (D:4)
  2 worker ants (D:4)
  8 adders
  A gnoll (D:5)
  A howler monkey skeleton (D:3)
  2 oozes
  A worm (D:3)
  4 leopard geckos
  7 orcs
  3 giant cockroaches
  5 hobgoblins
  5 jackals
  3 quokkas
  A ball python (D:4)
  2 bats (D:1)
  6 frilled lizards
  2 goblins
  9 kobolds
  10 rats
79 creatures vanquished.

Vanquished Creatures (others)
  A plant (D:1)
1 creature vanquished.

Grand Total: 80 creatures vanquished

Notes
Turn   | Place    | Note
-------+----------+-------------------------------------------
     0 | D:1      | tidbits the Gnoll Earth Elementalist began the quest for the Orb.
     0 | D:1      | Reached XP level 1. HP: 13/13 MP: 6/6
    46 | D:1      | Reached skill level 2 in Transmutations
    69 | D:1      | Reached XP level 2. HP: 19/19 MP: 7/7
    73 | D:1      | Learned a level 2 spell: Passwall
   160 | D:1      | Reached XP level 3. HP: 15/25 MP: 1/9
   165 | D:1      | Learned a level 3 spell: Stone Arrow
   209 | D:1      | Reached skill level 5 in Spellcasting
   352 | D:1      | Reached skill level 1 in Invocations
   448 | D:2      | Reached skill level 1 in Fighting
   448 | D:2      | Reached skill level 1 in Short Blades
   448 | D:2      | Reached skill level 1 in Long Blades
   448 | D:2      | Reached skill level 1 in Axes
   448 | D:2      | Reached skill level 1 in Maces & Flails
   448 | D:2      | Reached skill level 1 in Polearms
   448 | D:2      | Reached skill level 1 in Staves
   448 | D:2      | Reached skill level 1 in Slings
   448 | D:2      | Reached skill level 1 in Bows
   448 | D:2      | Reached skill level 1 in Crossbows
   448 | D:2      | Reached skill level 1 in Throwing
   448 | D:2      | Reached skill level 1 in Armour
   448 | D:2      | Reached skill level 1 in Shields
   448 | D:2      | Reached skill level 1 in Unarmed Combat
   448 | D:2      | Reached skill level 1 in Evocations
   448 | D:2      | Reached XP level 4. HP: 32/32 MP: 8/11
   531 | D:3      | HP: 2/32 [orc/whip (2)]
   547 | D:3      | HP: 2/32 [poisoned by a kobold]
   572 | D:3      | HP: 3/32 [poisoned by a kobold]
   580 | D:3      | HP: 2/32 [poisoned by a kobold]
   637 | D:3      | Reached skill level 1 in Conjurations
   637 | D:3      | Reached skill level 1 in Hexes
   637 | D:3      | Reached skill level 1 in Charms
   637 | D:3      | Reached skill level 1 in Summonings
   637 | D:3      | Reached skill level 1 in Necromancy
   637 | D:3      | Reached skill level 1 in Translocations
   637 | D:3      | Reached skill level 1 in Fire Magic
   637 | D:3      | Reached skill level 1 in Ice Magic
   637 | D:3      | Reached skill level 1 in Air Magic
   637 | D:3      | Reached skill level 1 in Poison Magic
   661 | D:3      | Reached XP level 5. HP: 11/37 MP: 7/12
   771 | D:4      | Learned a level 1 spell: Animate Skeleton
   773 | D:4      | Learned a level 1 spell: Apportation
   778 | D:4      | Learned a level 4 spell: Petrify
   841 | D:4      | Reached skill level 2 in Invocations
   841 | D:4      | Reached XP level 6. HP: 34/44 MP: 13/13
   899 | D:5      | Entered Level 5 of the Dungeon
   911 | D:4      | Reached skill level 2 in Fighting
   911 | D:4      | Reached skill level 2 in Short Blades
   911 | D:4      | Reached skill level 2 in Long Blades
   911 | D:4      | Reached skill level 2 in Axes
   911 | D:4      | Reached skill level 2 in Maces & Flails
   911 | D:4      | Reached skill level 2 in Polearms
   911 | D:4      | Reached skill level 2 in Staves
   911 | D:4      | Reached skill level 2 in Slings
   911 | D:4      | Reached skill level 2 in Bows
   911 | D:4      | Reached skill level 2 in Crossbows
   911 | D:4      | Reached skill level 2 in Throwing
   911 | D:4      | Reached skill level 2 in Armour
   911 | D:4      | Reached skill level 5 in Dodging
   911 | D:4      | Reached skill level 2 in Shields
   911 | D:4      | Reached skill level 2 in Unarmed Combat
   911 | D:4      | Reached skill level 2 in Evocations
  1016 | D:6      | Noticed an orc warrior
  1021 | D:6      | Reached XP level 7. HP: 37/50 MP: 11/15
  1085 | D:7      | Reached skill level 2 in Conjurations
  1085 | D:7      | Reached skill level 2 in Hexes
  1085 | D:7      | Reached skill level 2 in Charms
  1085 | D:7      | Reached skill level 2 in Summonings
  1085 | D:7      | Reached skill level 2 in Necromancy
  1085 | D:7      | Reached skill level 2 in Translocations
  1085 | D:7      | Reached skill level 3 in Transmutations
  1085 | D:7      | Reached skill level 2 in Fire Magic
  1085 | D:7      | Reached skill level 2 in Ice Magic
  1085 | D:7      | Reached skill level 2 in Air Magic
  1085 | D:7      | Reached skill level 2 in Poison Magic
  1127 | D:6      | Found a staircase to the Ecumenical Temple.
  1135 | Temple   | Entered the Ecumenical Temple
  1229 | D:6      | Quit the game

Skill      XL: |  1  2  3  4  5  6  7 |
---------------+----------------------+-----
Transmutations | 2 3 |  3.0
Spellcasting   | 5 |  5.6
Invocations    | 1 2 |  2.8
Fighting       | 1 2 |  2.5
Short Blades   | 1 2 |  2.5
Long Blades    | 1 2 |  2.5
Axes           | 1 2 |  2.5
Maces & Flails | 1 2 |  2.5
Polearms       | 1 2 |  2.5
Staves         | 1 2 |  2.5
Slings         | 1 2 |  2.5
Bows           | 1 2 |  2.5
Crossbows      | 1 2 |  2.5
Throwing       | 1 2 |  2.5
Armour         | 1 2 |  2.5
Shields        | 1 2 |  2.5
Unarmed Combat | 1 2 |  2.5
Evocations     | 1 2 |  2.5
Conjurations   | 1 2 |  2.1
Hexes          | 1 2 |  2.1
Charms         | 1 2 |  2.1
Summonings     | 1 2 |  2.1
Necromancy     | 1 2 |  2.1
Translocations | 1 2 |  2.1
Fire Magic     | 1 2 |  2.1
Ice Magic      | 1 2 |  2.1
Air Magic      | 1 2 |  2.1
Poison Magic   | 1 2 |  2.1
Dodging        | 5 |  5.3
Stealth        | |  4.9
Earth Magic    | |  5.8

Action                   |  1- 3 |  4- 6 |  7- 9 || total
-------------------------+-------+-------+-------++-------
Melee: Dagger            |    32 |    21 |     4 ||    57
       Bite              |     3 |     8 |       ||    11
       Falchion          |       |    19 |       ||    19
       Punch             |       |     2 |       ||     2
 Cast: Sandblast         |    31 |    60 |    12 ||   103
       Passwall          |     1 |       |       ||     1
       Apportation       |       |     4 |     2 ||     6
Evoke: Wand              |       |     5 |     1 ||     6
  Use: Potion            |       |     1 |       ||     1
       Scroll            |       |     6 |       ||     6
 Stab: Sleeping          |     7 |       |     1 ||     8
       Paralysed         |       |    13 |     2 ||    15
  Eat: Ration            |     1 |       |       ||     1
Armor: Robe              |     4 |     6 |     1 ||    11
Dodge: Dodged            |    14 |    34 |    12 ||    60
       Rpst.: Falchion   |       |     9 |       ||     9

Table legend:
 A = Turns spent in this place as a percentage of turns spent in the entire game.
 B = Non-inter-level travel turns spent in this place as a percentage of non-inter-level travel turns spent in the entire game.
 C = Inter-level travel turns spent in this place as a percentage of turns spent in this place.
 D = Turns resting spent in this place as a percentage of non-inter-level travel turns spent in this place.
 E = Turns spent auto-exploring this place as a percentage of non-inter-level travel turns spent in this place.
 F = Non-inter-level travel turns spent in this place divided by the number of levels of this place that you've seen.
                   A       B       C       D       E      F
               +-------+-------+-------+-------+-------+----------------------
         Total | 100.0 | 100.0 |   2.9 |   0.0 |   0.0 | 149.1
       Dungeon |  92.5 |  93.1 |   2.3 |   0.0 |   0.0 | 158.7
        Temple |   7.5 |   6.9 |  10.9 |   0.0 |   0.0 |  82.0
               +-------+-------+-------+-------+-------+----------------------

Table legend:
 A = Kills in this place as a percentage of kills in entire the game.
 B = Kills by you in this place as a percentage of kills by you in the entire game.
 C = Kills by friends in this place as a percentage of kills by friends in the entire game.
 D = Other kills in this place as a percentage of other kills in the entire game.
 E = Experience gained in this place as a percentage of experience gained in the entire game.
 F = Experience gained in this place divided by the number of levels of this place that you have seen.
                   A       B       C       D       E      F
               +-------+-------+-------+-------+-------+----------------------
         Total | 100.0 | 100.0 |   N/A |   N/A | 100.0 | 125.2
       Dungeon | 100.0 | 100.0 |   N/A |   N/A | 100.0 | 143.1
               +-------+-------+-------+-------+-------+----------------------

Vault maps used:
D:1:      denvon_arrival_planthouse, lexackson_kobold_supper
D:2:      old_standard_altar, chequers_ecumenical_altar_simple, uniq_natasha
D:5:      lemuel_zombie_altar_yredelemnul, first_ration
D:6:      minmay_temple_entry_junction, serial_shops, shop,
          roderic_roman_lattice, nemelex_diamond_rough_becter
Temple:   eino_temple_scatter_basement
